 Dungeon Crawl Stone Soup version 0.31-a0-1589-g8f5e8aebd6 (webtiles) character file.

Game seed: 10619274190428037471

10 Laraso the Sneak (level 2, -15/25 HPs)
             Began as an Armataur Delver on Jan 6, 2024.
             Demolished by an ogre
             ... wielding a +0 giant club
              (32 damage)
             ... on level 4 of the Dungeon.
             The game lasted 00:00:48 (95 turns).

Laraso the Sneak (Armataur Delver)                    Turns: 95, Time: 00:00:48

Health: -15/25     AC:  4    Str: 17    XL:     2   Next: 10%
Magic:  2/2        EV:  9    Int: 10    God:
Gold:   15         SH:  0    Dex: 11    Spells: 1/1 levels left

rFire   . . .        a - +0 mace
rCold   . . .        (no shield)
rNeg    . . .        b - +0 leather armour
rPois   .            (no helmet)
rElec   .            (no cloak)
rCorr   .            (no gloves)
SInv    .            (no barding)
Will    .....        (no amulet) Stlth
                     (no ring)
HPRegen 0.24/turn    (no ring)
MPRegen 0.08/turn

%: roll
@: confused, silenced
A: large, deformed body, tough skin 3, armoured tail, roll 1
a: no special abilities


You were on level 4 of the Dungeon.
You visited 1 branch of the dungeon, and saw 2 of its levels.

You collected 15 gold pieces.

Inventory:

Hand Weapons
 a - a +0 mace (weapon)
Armour
 b - a +0 leather armour (worn)
Wands
 f - a wand of polymorph (10)
 g - a wand of digging (3)
Scrolls
 c - a scroll of fog
 d - a scroll of revelation
Potions
 e - a potion of brilliance {unknown}


   Skills:
 - Level 2.6 Fighting
 * Level 2.5 Maces & Flails
 - Level 1.3 Dodging
 - Level 5.4 Stealth


You had one spell level left.
You didn't know any spells.
Your spell library was empty.

Dungeon Overview and Level Annotations

Branches:
Dungeon (5/15)
 Temple: D:4-7

Altars:

Annotations:
D:5 Prince Ribbit


Innate Abilities, Weirdness & Mutations

Armour fits poorly on your strangely shaped body.
You have extremely tough skin. (AC +3)
You have a long armoured tail.
You regenerate magic when rolling toward enemies. (Rampage MPRegen)


Message History

You hit the dart slug but do no damage. You thump the dart slug!
You tail-slap the dart slug.
You kill the dart slug!
You have reached level 2!
The ogre attacks as it pursues you! The ogre hits you with a +0 giant club!
Ouch! That really hurt!
You see here a dart slug corpse.
Found a sling.
An ogre comes into view. It is wielding a +0 giant club.
Found a dark potion.
Found an ivory wand.
You see here a dark potion.
You see here a dark potion.
e - a dark potion
Found a ring mail.
You see here a wand of polymorph (10).
f - a wand of polymorph (10)
Found a scroll labelled NASHRI MAONLIUT.
Your extra speed is starting to run out.
You see here a scroll labelled NASHRI MAONLIUT.
h - a scroll labelled NASHRI MAONLIUT An orc comes into view.
It is wielding a +0 hand axe.
You roll towards the orc!
The orc shouts!
You hear a shout! x2
An orc comes into view. It is wielding a +0 club.
An orc wizard comes into view. It is wielding a +0 dagger.
Unknown command.
As you read the scroll labelled NASHRI MAONLIUT, it crumbles to dust.
A profound silence engulfs you.
It was a scroll of silence.
You feel yourself slow down.
The orc wizard gestures at you while chanting.
You are confused.
You bump into the rock wall.
The orc hits you with a +0 hand axe.
You bump into the rock wall.
The orc hits you but does no damage. The orc attacks as it pursues you!
The orc closely misses you.
You bump into the rock wall.
The orc barely misses you.
The ogre hits you with a +0 giant club!!
Ouch! That really hurt!
You die...

##.#.#.# ........ ....
.......... ##..###
........... .....
##.##...... ...#
.##.##..### #..####
.........# #.....####.
#####.##..#.###..........
#..............O@o.o.....
...............####o####.
..###.##..#.#### #
..###.##..#.####
.................
.................
..##..##.........
.................
.................


You could see an ogre, an orc wizard and 2 orcs.

Vanquished Creatures
  A shadow imp (D:5)
  A dart slug (D:4)
2 creatures vanquished.

Notes
Turn   | Place    | Note
-------+----------+-------------------------------------------
     0 | D:5      | Laraso the Armataur Delver began the quest for the Orb.
     0 | D:5      | Reached XP level 1. HP: 18/18 MP: 1/1
     8 | D:5      | Noticed Prince Ribbit
    26 | D:4      | Noticed an iguana
    28 | D:4      | Noticed an ogre
    38 | D:4      | Reached XP level 2. HP: 25/25 MP: 2/2
    56 | D:4      | Noticed an ogre
    95 | D:4      | Demolished by an ogre

Illustrated notes

Levels and vault maps discovered:
D:4:      layout_basic, lemuel_crystal_altar, serial_bayou_crossing
D:5:      layout_rooms, nicolae_wu_jian_wuxing_cycle, minmay_temple_entry_mist,
          nicolae_ossuary_entry_giza, hangedman_decor_points,
          hangedman_decor_peaks_small, uniq_blork_the_orc, uniq_eustachio,
          uniq_prince_ribbit1, uniq_duvessa

Skill      XL: |  1 |
---------------+----+-----
Maces & Flails | 2 |  2.5
Fighting       | |  2.6
Dodging        | |  1.3
Stealth        | |  5.4

Action                     || total
---------------------------++-------
  Melee: Mace              ||     6
         Tailslap          ||     2
    Use: Scroll            ||     2
         Potion            ||     1
 Armour: Leather armour    ||     8
  Dodge: Dodged            ||     8

Table legend: (Time is in decaauts)
 A = Elapsed time spent in this place.
 B = Non-inter-level travel time spent in this place.
 C = Inter-level travel time spent in this place.
 D = Time resting spent in this place.
 E = Time spent auto-exploring this place.
 F = Levels seen in this place.
 G = Mean time per level.
                   A        B        C        D        E       F      G
               +--------+--------+--------+--------+--------+-----+--------+
         Total |     77 |     77 |      0 |      0 |      0 |   2 |   38.5 |
       Dungeon |     77 |     77 |      0 |      0 |      0 |   2 |   38.5 |
               +--------+--------+--------+--------+--------+-----+--------+

Top non-repeatable levels by time:
     D:4: 52 daAuts
     D:5: 24 daAuts
